 Dungeon Crawl Stone Soup version 0.23.1 (webtiles) character file.

Game seed: 5087765172609141472

212 elfaar the Skirmisher (level 5, 0/48 HPs)
             Began as a Minotaur Berserker on Mar 7, 2019.
             Was a Believer of Trog.
             Slain by Blork the orc
             ... wielding a cursed -1 hand axe
              (1 damage)
             ... on level 3 of the Dungeon.
             The game lasted 00:10:25 (2214 turns).

elfaar the Skirmisher (Minotaur Berserker)          Turns: 2214, Time: 00:10:25

Health: 0/48       AC:  8    Str: 23    XL:     5   Next: 58%
Magic:  4/4        EV: 11    Int:  4    God:    Trog [**....]
Gold:   124        SH:  0    Dex:  9    Spells: 4/4 levels left

rFire    . . .     SeeInvis .   a - +0 mace
rCold    . . .     Gourm    .   (no shield)
rNeg     . . .     Faith    .   p - +0 scale mail {rPois}
rPois    +         Spirit   .   (helmet restricted)
rElec    .         Reflect  .   (no cloak)
rCorr    .         Harm     .   n - +0 pair of gloves (curse)
MR       .....                  (no boots)
Stlth    ..........             (no amulet)
HPRegen  0.16/turn              (no ring)
MPRegen  0.09/turn              (no ring)

@: hasted, very quick
A: retaliatory headbutt, horns 2
a: Berserk, Trog's Hand, Renounce Religion


You were on level 3 of the Dungeon.
You worshipped Trog.
Trog was pleased with you.
You were very hungry.

You visited 1 branch of the dungeon, and saw 4 of its levels.

You collected 124 gold pieces.

Inventory:

Hand Weapons
 a - a +0 mace (weapon)
Missiles
 g - 129 stones
 j - 5 tomahawks (quivered)
Armour
 l - a +0 ring mail
 n - a cursed +0 pair of gloves (worn)
 p - a +0 scale mail of poison resistance (worn)
Scrolls
 d - a scroll of identify
 i - 4 scrolls of remove curse
 m - 2 scrolls of teleportation
Potions
 b - a potion of brilliance
 e - a potion of resistance
 f - a potion of magic
 k - a potion of agility
Comestibles
 c - 8 rations


   Skills:
 + Level 5.2 Fighting
 + Level 5.1 Maces & Flails
 + Level 1.2 Throwing
 + Level 3.6 Armour
 + Level 3.1 Dodging
 + Level 0.1 Stealth


You had 4 spell levels left.
You didn't know any spells.
Your spell library was empty.

Dungeon Overview and Level Annotations

Branches:
Dungeon (4/15)
 Temple: D:4-7

Altars:
Gozag
Kikubaaqudgha
Makhleb
Nemelex Xobeh
Uskayaw
Wu Jian
Xom

Annotations:
D:3 Blork the orc


Innate Abilities, Weirdness & Mutations

You reflexively headbutt those who attack you in melee.
You have a pair of horns on your head.


Message History

* * * LOW HITPOINT WARNING * * *
The adder skeleton closely misses you. You furiously retaliate!
You headbutt the adder skeleton! The orc hits you but does no damage.
Blork the orc hits you but does no damage.
You see here a tomahawk.
Okay, then.
There is a stone staircase leading up here.
You can't go down here!
The adder skeleton closely misses you.
Blork the orc hits you with a cursed -1 hand axe!
* * * LOW HITPOINT WARNING * * *
You climb upwards.
You feel yourself speed up.
There is a stone staircase leading down here.
Unknown command.
You hit Blork the orc.
You headbutt Blork the orc, but do no damage.
Blork the orc is lightly wounded.
Blork the orc hits you with a cursed -1 hand axe.
You die...

.#
##.#.###..#.###.((.......
.## ##.## #..#.#
#.####.###. .)# #.# #..#.#
#.# ##.# #. #.#########.#
#..#.# #.# #..# #.
#...........# #..#.#
#.###.## #. ###########.#
#..#.# #.##...###. #..##
#..#.# #.#.....##.
##⌠.⌠###..#.###........#.
#.._..##@...#............
#.⌠.⌠....o.##.≈≈≈≈.≈≈≈≈≈.
#...#.##.#.##.≈≈≈≈.≈≈≈≈≈.
##.##.##.#.##.≈≈≈≈.≈≈≈≈≈.
#.#...#.#.##.≈≈≈≈.≈≈≈≈≈.
#.#...#.#.##.≈≈≈≈.......
#........#.#.......≈≈≈≈.
#......#.##..≈≈≈≈≈.≈≈≈≈.
####........#.#÷≈≈≈≈≈.≈≈≈≈.


You could see Blork the orc.

Vanquished Creatures
  A centaur (D:3)
  An orc wizard (D:4)
  A gnoll (D:1)
  3 adders
  An ooze (D:2)
  2 worms
  2 leopard geckos
  5 orcs (D:4)
  2 ball pythons
  3 giant cockroaches
  7 goblins
  8 hobgoblins
  A quokka (D:3)
  6 bats
  6 frilled lizards
  5 kobolds
  A leopard gecko skeleton (D:4)
  3 rats
58 creatures vanquished.

Notes
Turn   | Place    | Note
-------+----------+-------------------------------------------
     0 | D:1      | elfaar the Minotaur Berserker began the quest for the Orb.
     0 | D:1      | Reached XP level 1. HP: 19/19 MP: 0/0
   223 | D:1      | Reached XP level 2. HP: 25/27 MP: 1/1
   589 | D:2      | Reached XP level 3. HP: 30/34 MP: 2/2
   739 | D:2      | Reached ** piety under Trog
   795 | D:2      | Found a burning altar of Makhleb.
   795 | D:2      | Found a shimmering altar of Xom.
  1373 | D:2      | Found a hide-covered altar of Uskayaw.
  1441 | D:3      | Reached XP level 4. HP: 41/41 MP: 3/3
  1449 | D:3      | Found an ornate altar of the Wu Jian Council.
  1516 | D:3      | Found an opulent altar of Gozag.
  1516 | D:3      | Found an ancient bone altar of Kikubaaqudgha.
  1636 | D:3      | Reached skill level 1 in Throwing
  1667 | D:3      | Noticed a centaur
  1676 | D:3      | Killed a centaur
  1676 | D:3      | Reached skill level 5 in Fighting
  1676 | D:3      | Reached XP level 5. HP: 7/48 MP: 4/4
  1790 | D:3      | Found a sparkling altar of Nemelex Xobeh.
  2009 | D:3      | Found a faded altar of an unknown god.
  2194 | D:4      | Noticed Blork the orc
  2198 | D:4      | Reached skill level 5 in Maces & Flails
  2212 | D:4      | HP: 1/48 [Blork the orc/cursed -1 hand axe (7)]
  2214 | D:3      | Slain by Blork the orc

Skill      XL: |  1  2  3  4  5 |
---------------+----------------+-----
Fighting       | 4 5 |  5.2
Maces & Flails | 4 5 |  5.1
Armour         | 3 |  3.6
Throwing       | 1 |  1.2
Dodging        | 3 |  3.1
Stealth        | |  0.1

Action                   |  1- 3 |  4- 6 || total
-------------------------+-------+-------++-------
Melee: Mace              |    86 |    35 ||   121
       Headbutt          |     8 |     7 ||    15
Throw: Stone             |     9 |       ||     9
       Tomahawk          |     4 |     1 ||     5
  Use: Scroll            |     8 |     1 ||     9
       Potion            |       |     1 ||     1
  Eat: Chunk             |     2 |     1 ||     3
Armor: Leather armour    |    25 |       ||    25
       Animal skin       |     7 |       ||     7
       Ring mail         |     7 |     2 ||     9
       Scale mail        |       |    34 ||    34
Dodge: Dodged            |    59 |    57 ||   116
